 Dungeon Crawl Stone Soup version 0.20.1-1-g8b1a95d66d (webtiles) character file.

170 Peloso the Shield-Bearer (level 5, -3/36 HPs)
             Began as a Halfling Fighter on Nov 18, 2017.
             Slain by a sky beast (6 damage)
             ... on level 3 of the Dungeon.
             The game lasted 00:03:21 (1888 turns).

Peloso the Shield-Bearer (Halfling Fighter)         Turns: 1888, Time: 00:03:22

Health: -3/36      AC: 10    Str: 18    XL:     5   Next: 80%
Magic:  5/5        EV: 10    Int:  6    God:
Gold:   179        SH: 10    Dex: 14    Spells: 4/4 levels left

rFire    . . .     SeeInvis .   a - +0 long sword
rCold    . . .     Gourm    .   c - +0 shield
rNeg     . . .     Faith    .   b - +0 scale mail
rPois    .         Spirit   .   j - +2 helmet
rElec    .         Reflect  .   (no cloak)
rCorr    .         Harm     +   (no gloves)
MR       .....                  (no boots)
Stlth    ..........             m - amulet of harm
Regen    0.2/turn               r - +4 ring of slaying
MPRegen  0.1/turn               (no ring)

@: no status effects
A: mutation resistance 1
a: no special abilities


You were on level 3 of the Dungeon.
You were hungry.

You visited 1 branch of the dungeon, and saw 3 of its levels.

You collected 179 gold pieces.

Inventory:

Hand Weapons
 a - a +0 long sword (weapon)
 w - a +2 hand axe of flaming
Armour
 b - a +0 scale mail (worn)
 c - a +0 shield (worn)
 j - a +2 helmet (worn)
Jewellery
 m - an amulet of harm (around neck)
 r - a +4 ring of slaying (left hand)
Scrolls
 g - 2 scrolls of identify {unknown}
 i - a scroll of enchant armour {unknown}
 k - a scroll of fear {unknown}
 l - a scroll of random uselessness {unknown}
 o - a scroll of blinking {unknown}
 p - a scroll of recharging {unknown}
Potions
 d - 3 potions of might
 e - a potion of cancellation {unknown}
 n - a potion of mutation {unknown}
 s - a potion of invisibility {unknown}
 t - a potion of flight {unknown}
Books
 u - a book of the Warp

   Spells                             Type                      Level
   a - Gell's Gravitas                Translocation                3
   b - Portal Projectile              Hexes/Translocation          3
   c - Force Lance                    Conjuration/Translocation    4
   d - Dispersal                      Translocation                6
   e - Controlled Blink               Translocation                8
   f - Disjunction                    Translocation                8
Comestibles
 f - 2 bread rations
 h - 6 meat rations
 q - a royal jelly
 v - 3 chunks of flesh


   Skills:
 + Level 3.1 Fighting
 + Level 3.4 Long Blades
 + Level 3.8 Armour
 + Level 1.5 Dodging
 + Level 0.8 Stealth
 + Level 4.5 Shields


You had 4 spell levels left.
You didn't know any spells.

Dungeon Overview and Level Annotations

Branches:
Dungeon (3/15)

Altars:
Fedhas


Innate Abilities, Weirdness & Mutations

You are small and have problems with some larger weapons.
You are somewhat resistant to further mutation.


Message History

The sky beast flickers out of sight!
Deactivating autopickup; reactivate with Ctrl-A.
You miss something. Something hits you. Something shocks you.
The worm bites you but does no damage.
You hit something. Something hits you but does no damage.
You miss something. Something hits you. Something shocks you.
The worm bites you but does no damage. Something hits you but does no damage.
Some of the chunks of flesh in your inventory have rotted away.
You miss something. You block something's attack.
The worm bites you but does no damage. Something hits you.
Something shocks you. Something hits you. Something shocks you.
* * * LOW HITPOINT WARNING * * *
You are feeling hungry.
A sky beast appears from thin air!
Reactivating autopickup.
The sky beast hits you.
* * * LOW HITPOINT WARNING * * *
The sky beast shocks you.
You die...

#....#########.#...####.........#
..................†...'.........'
#.(..#########.#...####.........#
#...## #....## ##.......## ###)#
###.## ##.....## #.# #.# ##...##
#†# #.# #'## #.# #.# .# ###.# #@#
####.##### ....# #Y# #.........
##### #§# #.........
#.#######.........
#.....w...!.#.....
#########......... #.........
#......... #.........


You could see a sky beast.

Vanquished Creatures
  An orc priest (D:3)
  Robin (D:3)
  6 adders
  2 worms (D:2)
  2 dart slugs (D:1)
  3 leopard geckos
  5 orcs (D:3)
  9 hobgoblins
  A ball python (D:1)
  2 bats (D:1)
  2 frilled lizards (D:3)
  13 goblins
  8 kobolds
  5 rats
60 creatures vanquished.

Notes
Turn   | Place    | Note
-------+----------+-------------------------------------------
     0 | D:1      | Peloso the Halfling Fighter began the quest for the Orb.
     0 | D:1      | Reached XP level 1. HP: 15/15 MP: 1/1
   140 | D:1      | Reached XP level 2. HP: 18/20 MP: 2/2
   356 | D:1      | Reached XP level 3. HP: 23/25 MP: 3/3
   680 | D:2      | Found a blossoming altar of Fedhas.
   961 | D:2      | Reached skill level 1 in Dodging
   961 | D:2      | Reached XP level 4. HP: 26/31 MP: 4/4
  1094 | D:2      | Reached skill level 4 in Shields
  1613 | D:3      | Reached XP level 5. HP: 32/36 MP: 5/5
  1650 | D:3      | Noticed Robin
  1663 | D:3      | Killed Robin
  1867 | D:3      | Noticed a sky beast
  1888 | D:3      | Slain by a sky beast

Skill      XL: |  1  2  3  4 |
---------------+-------------+-----
Fighting       | 3 |  3.1
Dodging        | 1 |  1.5
Shields        | 4 |  4.5
Long Blades    | 3 |  3.4
Armour         | |  3.8
Stealth        | |  0.8

Action                   |  1- 3 |  4- 6 || total
-------------------------+-------+-------++-------
Melee: Long sword        |    90 |    77 ||   167
  Eat: Chunk             |       |     3 ||     3
Armor: Scale mail        |    40 |    20 ||    60
Dodge: Dodged            |    27 |    21 ||    48
Block: Shield            |    69 |    43 ||   112
       Rpst.: Long sword |     7 |     8 ||    15
